 Dungeon Crawl Stone Soup version 0.21-a0-279-g6037ffb (webtiles) character file.

41 vishdafish the Chucker (level 3, 0/36 HPs)
             Began as a Troll Hunter on Sept 23, 2017.
             Slain by Sigmund
             ... wielding a +0 scythe
              (5 damage)
             ... on level 2 of the Dungeon.
             The game lasted 00:03:25 (1259 turns).

vishdafish the Chucker (Troll Hunter)               Turns: 1259, Time: 00:03:26

Health: 0/36       AC:  5    Str: 19 (20) XL:     3   Next: 32%
Magic:  2/2        EV:  9    Int:  5 (7)  God:
Gold:   28         SH:  0    Dex:  8 (11) Spells: 2/2 levels left

rFire    . . .     SeeInvis .   a - +0 short sword
rCold    . . .     Gourm    +   (no shield)
rNeg     . . .     Faith    .   b - +0 robe
rPois    .         Spirit   .   (helmet restricted)
rElec    .         Reflect  .   (no cloak)
rCorr    .         Harm     .   (gloves unavailable)
MR       .....                  (boots unavailable)
Stlth    +.........             (no amulet)
HPRegen  0.52/turn              (no ring)
MPRegen  0.08/turn              (no ring)

@: no status effects
A: unfitting armour, claws 3, fast metabolism 3, gourmand, regeneration 1,
shaggy fur 1, tough skin 2
a: no special abilities


You were on level 2 of the Dungeon.
You were not hungry.

You visited 1 branch of the dungeon, and saw 2 of its levels.

You collected 28 gold pieces.

Inventory:

Hand Weapons
 a - a +0 short sword (weapon)
Missiles
 c - 4 large rocks (quivered)
 d - 2 throwing nets
Armour
 b - a +0 robe (worn)
Scrolls
 e - a scroll of teleportation {unknown}
 g - 2 scrolls of identify {unknown}
 h - a scroll of blinking {unknown}
 j - a scroll of recharging {unknown}
 l - a scroll of remove curse {unknown}
Potions
 i - a potion of magic {unknown}
 k - a potion of curing {unknown}
 m - a potion of degeneration
Comestibles
 f - 2 bread rations


   Skills:
 + Level 2.5 Fighting
 + Level 4.1 Throwing
 - Level 1.5 Dodging
 - Level 0.3 Stealth


You had 2 spell levels left.
You didn't know any spells.

Dungeon Overview and Level Annotations

Branches:
Dungeon (2/15)

Altars:

Annotations:
D:2 Sigmund


Innate Abilities, Weirdness & Mutations

You are too large for most types of armour.
You have claws for hands.
Your metabolism is lightning-fast.
You like to eat raw meat.
Your natural rate of healing is unusually fast.
You are covered in fur. (AC +1)
You have very tough skin. (AC +2)


Message History

Throwing (i - inventory. (,) - cycle):
c - 4 large rocks (quivered)
Press: ? - help, Shift-Dir - straight line, f - you
Okay, then.
It was a potion of degeneration.
There was something very wrong with that liquid.
You feel weakened.
You feel dopey.
You feel clumsy.
You are confused.
You bump into the rock wall.
You bump into the rock wall.
You feel less confused. Something hits you!
You hear some strange, mumbled words.
You are confused.
Something hits you!
You bump into the rock wall.
You bump into the rock wall.
You feel less confused. Something hits you!
* * * LOW HITPOINT WARNING * * *
Something hits you.
You die...

# #...#######.##..# #...$.. #
###...#######.##..# #...... #
#.............##..# ##..... #
#.#.....####..##..####.####
#######.#.....####..##.........##
##..............##......####.#...
##.# ##.......#.##.###### #.....
...####..###..#.##.# ###..#
.#.>..#.........@..# #..#
...##.......[......# #..#
#..#####.######.##{# ####
#........# #.##.# #..######...#
#.##.# ##.# ....... #.# #.#
...######.## #.# #.## #...# #.#
.. #...#


There were no monsters in sight!

Vanquished Creatures
  A dart slug (D:1)
  A leopard gecko (D:1)
  7 bats
  A giant cockroach (D:2)
  3 goblins (D:1)
  5 hobgoblins (D:1)
  3 jackals (D:1)
  A frilled lizard (D:1)
  5 kobolds
  9 rats
36 creatures vanquished.

Notes
Turn   | Place    | Note
-------+----------+-------------------------------------------
     0 | D:1      | vishdafish the Troll Hunter began the quest for the Orb.
     0 | D:1      | Reached XP level 1. HP: 19/19 MP: 0/0
    94 | D:1      | Reached XP level 2. HP: 28/28 MP: 1/1
   310 | D:1      | Reached skill level 4 in Throwing
   340 | D:1      | Reached XP level 3. HP: 32/35 MP: 2/2
   421 | D:1      | You fall through a shaft!
   464 | D:2      | Noticed a phantom
  1017 | D:2      | Noticed Sigmund
  1259 | D:2      | Slain by Sigmund

Vault maps used:
D:1:      sevenhm_arrival_forest_fort_small_6
D:2:      uniq_sigmund

Skill      XL: |  1  2 |
---------------+-------+-----
Fighting       | 2 |  2.5
Throwing       | 4 |  4.1
Dodging        | |  1.5
Stealth        | |  0.3

Action                   || total
-------------------------++-------
Melee: Short sword       ||   161
Throw: Large rock        ||     1
  Use: Potion            ||     1
  Eat: Chunk             ||     5
       Bread ration      ||     1
Armor: Robe              ||    74
Dodge: Dodged            ||    99

Table legend:
 A = Spawn XP
 B = Non-spawn XP
 C = Spawn XP percentage of total XP
 D = Spawn monster count
 E = Non-spawn monster count
 F = Spawn count percentage of total count
 G = Total turns spent on level
                    A         B        C        D         E        F      G
               +---------+---------+-------+---------+---------+-------+---------
         Total |       0 |      59 |   0.0 |       0 |      36 |   0.0 |  1259
               +---------+---------+-------+---------+---------+-------+---------
           D:1 |       0 |      54 |   0.0 |       0 |      32 |   0.0 |   994
           D:2 |       0 |       5 |   0.0 |       0 |       4 |   0.0 |   265
               +---------+---------+-------+---------+---------+-------+---------
